 Dungeon Crawl Stone Soup version 0.30-a0-1094-g860fb061e7 (webtiles) character file.

Game seed: 8227301271895755536

7783 hwolsky the Severer (level 11, -15/103 HPs)
             Began as a Minotaur Fighter on Apr 17, 2023.
             Was an Elder of Okawaru.
             Demolished by a white ugly thing (51 damage)
             ... on level 9 of the Dungeon.
             The game lasted 00:29:15 (9108 turns).

hwolsky the Severer (Minotaur Fighter)              Turns: 9108, Time: 00:29:15

Health: -15/103    AC: 10    Str: 25    XL:     11   Next: 1%
Magic:  10/10      EV:  9    Int:  5    God:    Okawaru [****..]
Gold:   615        SH: 13    Dex: 14    Spells: 10/10 levels left

rFire   + + .      SeeInvis .    a - +1 war axe
rCold   x . .      Faith    .    m - +2 buckler
rNeg    . . .      Spirit   .    b - +0 scale mail
rPois   .          Reflect  +    (helmet restricted)
rElec   +          Rampage  .    e - +0 cloak
rCorr   .                        g - +1 pair of gloves
Will    .....                    j - +1 pair of boots of Masochism {rElec} Stlth
                                 o - amulet of reflection
HPRegen 0.37/turn                k - ring of fire
MPRegen 0.12/turn                s - +6 ring of dexterity

@: corroded, studying Ranged Weapons
A: horns 2, retaliatory headbutt, clumsy 1, fire resistance 1, sense
surroundings 1, robust 1
a: Renounce Religion, Heroism, Finesse


You were on level 9 of the Dungeon.
You worshipped Okawaru.
Okawaru was greatly pleased with you.
You visited 2 branches of the dungeon, and saw 10 of its levels.

You collected 615 gold pieces.

Inventory:

Hand Weapons
 a - a +1 war axe (weapon)
Missiles
 f - 13 boomerangs (quivered)
Armour
 b - a +0 scale mail (worn)
 e - a +0 cloak (worn)
 g - a +1 pair of gloves (worn)
 j - the +1 pair of boots of Masochism (worn) {rElec}
   (You acquired it on level 8 of the Dungeon)

   rElec:     It insulates you from electricity.
 m - a +2 buckler (worn)
 y - the +2 ratskin cloak {*Rats rPois rN+ Str-1 Int-1 Dex+1}
   (You found it on level 6 of the Dungeon)

   *Rats:     When the wearer is hurt, rats may emerge from it to assist them.
   Str:       It affects your strength (-1).
   Int:       It affects your intelligence (-1).
   Dex:       It affects your dexterity (+1).
   rPois:     It protects you from poison.
   rN:        It protects you from negative energy.
Jewellery
 i - a ring of ice
 k - a ring of fire (left hand)
 o - an amulet of reflection (around neck)
 p - a +6 ring of intelligence
 s - a +6 ring of dexterity (right hand)
Wands
 h - a wand of polymorph (5)
Scrolls
 c - 2 scrolls of teleportation
 n - 2 scrolls of identify
 u - a scroll of amnesia
 x - a scroll of enchant weapon
Potions
 d - 2 potions of ambrosia
 l - 2 potions of magic
 q - 2 potions of flight
 r - a potion of attraction
 t - a potion of haste
 v - a potion of resistance
 w - 2 potions of invisibility
 z - a potion of degeneration
 A - 2 potions of curing


   Skills:
 + Level 8.1 Fighting
 * Level 17.4 Axes
 + Level 8.1 Armour
 + Level 8.1 Shields


You had 10 spell levels left.
You didn't know any spells.
Your spell library contained the following spells:

 Spells                   Type           Power      Damage    Failure   Level
 Sting                    Tmut/Pois      0%         1d3       80%         1
 Poisonous Vapours        Pois/Air       0%         N/A       91%         2
 Ignite Poison            Fire/Tmut/Pois 0%         N/A       99%         3
 Olgreb's Toxic Radiance  Pois           0%         N/A       100%        4
 Sticky Flame             Conj/Fire      0%         2d3       100%        4
 Orb of Destruction       Conj           0%         9d5       100%        7
 Ignition                 Fire           0%         3d3       100%        8
 Summon Guardian Golem    Hex/Summ       Unusable   N/A       N/A         3
 Spellforged Servitor     Conj/Summ      Unusable   N/A       N/A         7

Dungeon Overview and Level Annotations

Branches:
Dungeon (9/15)             Temple (1/1) D:7
   Lair: D:8-11         Orc: D:9-12

Altars:
Ashenzari
Dithmenos
Elyvilon
Fedhas
Hepliaklqana
Kikubaaqudgha
Makhleb
Nemelex Xobeh
Okawaru
Qazlal
Ru
Sif Muna
Trog
Uskayaw
Vehumet
Wu Jian
Xom
Yredelemnul
Zin
The Shining One


Innate Abilities, Weirdness & Mutations

You have a pair of horns on your head.
You reflexively headbutt those who attack you in melee.
You are clumsy. (Dex -2)
Your flesh is heat resistant. (rF+)
You passively map a small area around you.
You are robust. (+10% HP)


Message History

You barely miss the acid dragon. You headbutt the acid dragon.
The acid dragon is heavily wounded.
You block the acid dragon's attack. x2
A bullfrog comes into view.
You slash the acid dragon!
You kill the acid dragon!
Okawaru accepts your kill.
You hit the yak but do no damage. You headbutt the yak.
The yak is lightly wounded.
You slice the yak!!
The yak is severely wounded.
The yak gores you but does no damage.
You slash the yak!
The yak is almost dead.
The yak gores you but does no damage. You block the gnoll sergeant's attack.
You hit the yak but do no damage.
The yak is almost dead.
You slash the yak!
You kill the yak!
Okawaru accepts your kill.
You can now speed up your combat.
A kobold brigand comes into view.
It is wielding a +0 whip and quivering curare-tipped darts.
You block the gnoll sergeant's attack.
You have reached level 11!
You fail to use your ability.
You block the gnoll sergeant's attack.
You block the white ugly thing's attack.
You closely miss the white ugly thing.
Your headbutt misses the white ugly thing.
The gnoll sergeant hits you from afar with a +0 spear.
You hit the white ugly thing but do no damage.
The white ugly thing claws you! The white ugly thing freezes you!!
You feel a terrible chill! You block the gnoll sergeant's attack.
You hit the white ugly thing.
Your headbutt misses the white ugly thing.
The white ugly thing is lightly wounded.
You block the white ugly thing's attack.
You slash the white ugly thing! You headbutt the white ugly thing.
The white ugly thing is heavily wounded.
You block the gnoll sergeant's attack. The white ugly thing claws you.
The white ugly thing freezes you!!!
You feel a terrible chill!
You die...

, , .#. .... , ,
..# ..... , * *
*, * #.#...... ,
#.#.....###* , ,,
#.#.......>.
......# , #,
#.#.........
......##.
#.##...........
........
#Ku@..........#
......# *
#.Fg##..........#
......#, #..
#..........#
......# ,...,
#..........#
......# .#.
#.....####.#
#.#### #, *
#..........#
.....######, *
,#..........#
####))#..[#, .
#..........#
)([##)#...+,
.#.......##.#


You could see a white ugly thing, a kobold brigand, a gnoll sergeant and a
bullfrog.

Vanquished Creatures
  A skeletal warrior (D:9)
  A deep elf pyromancer (D:9)
  A cyclops (D:9)
  A gargoyle (D:9)
  A kobold demonologist (D:5)
  A troll (D:8)
  Grinder (D:6)
  A slime creature (D:9)
  Sigmund (D:2)
  A yak (D:9)
  A steam dragon (D:9)
  Edmund (D:6)
  3 acid dragons
  Pargi (D:3)
  An orc warrior (D:9)
  2 ice beasts
  A sky beast (D:7)
  2 black bears
  3 centaurs
  An ogre (D:4)
  A kobold brigand (D:8)
  6 bullfrogs
  2 gnoll sergeants
  2 scorpions
  7 wights
  23 killer bees
  5 orc priests
  4 jellies
  2 sleepcaps
  A gnoll bouda (D:7)
  3 iguanas
  2 orc wizards
  A howler monkey zombie (D:3)
  12 gnolls
  10 adders
  2 shadow imps (D:7)
  A white imp (D:6)
  An ufetubus (D:7)
  A worm (D:3)
  4 dart slugs
  23 orcs
  5 ball pythons
  9 bats
  5 endoplasms
  6 giant cockroaches
  7 hobgoblins
  13 jackals
  4 quokkas
  2 ball python zombies (D:3)
  4 frilled lizards
  7 goblins
  8 kobolds
  A quokka zombie (D:3)
  A rat (D:1)
211 creatures vanquished.

Vanquished Creatures (others)
  4 fungi
  9 plants
13 creatures vanquished.

Grand Total: 224 creatures vanquished

Notes
Turn   | Place    | Note
-------+----------+-------------------------------------------
     0 | D:1      | hwolsky the Minotaur Fighter began the quest for the Orb.
     0 | D:1      | Reached XP level 1. HP: 19/19 MP: 0/0
   254 | D:1      | Reached XP level 2. HP: 27/27 MP: 1/1
   364 | D:1      | Reached skill level 3 in Axes
  1037 | D:2      | Reached XP level 3. HP: 33/33 MP: 2/2
  1349 | D:2      | Gained mutation: You passively map a small area around you.
                  | [potion of mutation]
  1349 | D:2      | Gained mutation: You are clumsy. (Dex -2) [potion of
                  | mutation]
  1349 | D:2      | Gained mutation: You are robust. (+10% HP) [potion of
                  | mutation]
  1349 | D:2      | Gained mutation: Your flesh is heat resistant. (rF+)
                  | [potion of mutation]
  1426 | D:2      | Identified the +4 spear "Reopaul" {pain, rC+ Dex+2}
  1473 | D:2      | Reached XP level 4. HP: 41/44 MP: 3/3
  1744 | D:2      | Noticed Sigmund
  1788 | D:2      | Killed Sigmund
  1789 | D:2      | Reached skill level 5 in Axes
  1789 | D:2      | Reached XP level 5. HP: 8/51 MP: 4/4
  2086 | D:3      | Reached XP level 6. HP: 30/60 MP: 5/5
  2095 | D:3      | Reached skill level 5 in Armour
  2095 | D:3      | Reached skill level 5 in Shields
  2219 | D:3      | Reached skill level 5 in Fighting
  2692 | D:3      | Found a basalt altar of Yredelemnul.
  2928 | D:3      | Noticed Pargi
  2941 | D:3      | Killed Pargi
  3159 | D:3      | Found a faded altar of an unknown god.
  3252 | D:4      | Reached skill level 6 in Axes
  3345 | D:4      | Reached XP level 7. HP: 67/67 MP: 6/6
  3790 | D:5      | Entered Level 5 of the Dungeon
  3819 | D:5      | Reached skill level 15 in Axes
  3819 | D:5      | Reached XP level 8. HP: 77/77 MP: 7/7
  3934 | D:5      | Noticed a kobold demonologist
  3945 | D:5      | Noticed a red devil
  3948 | D:5      | Noticed a red devil
  3952 | D:5      | Killed a kobold demonologist
  3953 | D:5      | Reached XP level 9. HP: 45/82 MP: 8/8
  4106 | D:5      | Reached skill level 16 in Axes
  5020 | D:6      | Found a shadowy altar of Dithmenos.
  5020 | D:6      | Found a shimmering altar of Xom.
  5276 | D:6      | Noticed Edmund
  5294 | D:6      | Killed Edmund
  5421 | D:6      | Noticed Grinder
  5423 | D:6      | Paralysed by Grinder for 5 turns
  5430 | D:6      | Killed Grinder
  5745 | D:6      | Found the +2 ratskin cloak {*Rats rPois rN+ Str-1 Int-1
                  | Dex+1}
  6066 | D:7      | Found a staircase to the Ecumenical Temple.
  6285 | D:7      | Found a sacrificial altar of Ru.
  6754 | Temple   | Entered the Ecumenical Temple
  7352 | D:8      | Found an iron altar of Okawaru.
  7353 | D:8      | Found a white marble altar of Elyvilon.
  7360 | D:8      | Became a worshipper of Warmaster Okawaru
  7405 | D:8      | HP: 4/85 [killer bee (2)]
  7414 | D:8      | Noticed a troll
  7425 | D:8      | Killed a troll
  7425 | D:8      | Reached * piety under Okawaru
  7426 | D:8      | Reached XP level 10. HP: 34/94 MP: 9/9
  7655 | D:8      | Identified a scroll of acquirement
  7655 | D:8      | Acquired the +1 pair of boots of Masochism {rElec}
  7742 | D:8      | Found an ancient bone altar of Kikubaaqudgha.
  8058 | D:8      | Found a hide-covered altar of Uskayaw.
  8728 | D:9      | Noticed a gargoyle
  8729 | D:9      | Noticed a cyclops
  8731 | D:9      | Noticed a deep elf pyromancer
  8732 | D:9      | Noticed a skeletal warrior
  8734 | D:9      | Reached ** piety under Okawaru
  8743 | D:9      | Killed a cyclops
  8744 | D:9      | Reached skill level 17 in Axes
  8757 | D:9      | Killed a skeletal warrior
  8761 | D:9      | Killed a gargoyle
  8761 | D:9      | Reached *** piety under Okawaru
  8775 | D:9      | Killed a deep elf pyromancer
  9083 | D:9      | Noticed a white ugly thing
  9103 | D:9      | Reached **** piety under Okawaru
  9104 | D:9      | Reached XP level 11. HP: 73/103 MP: 10/10
  9108 | D:9      | Demolished by a white ugly thing

Illustrated notes

Levels and vault maps discovered:
D:1:      kilobyte_arrival_exit_the_forest, layout_loops_ring
D:2:      layout_basic, uniq_sigmund
D:3:      layout_basic, nicolae_yredelemnul_corpse_copse,
          shapermc_ecumenical_altar_mp_ritualfount, uniq_pargi
D:4:      minmay_skewed_foursquare, layout_basic
D:5:      layout_basic, glass_columns_b, minmay_misc_feat_tower,
          minmay_manual_moon
D:6:      layout_cave_pods, gammafunk_temple_overflow_pools,
          columned_hall_lemuel, grunt_decor_cap, uniq_grinder, uniq_edmund
D:7:      layout_basic, mainiacjoe_overflow_24_doors, temple_doors_ab,
          serial_aquarium, aquarium_bridge_square [aquarium_subvault_bridge,
          aquarium_subvault_window, aquarium_subvault_bridge,
          aquarium_subvault_wall], aquarium_bridge_long_separate
          [aquarium_subvault_bridge, aquarium_subvault_bridge,
          aquarium_subvault_balcony, aquarium_subvault_window,
          aquarium_subvault_bridge, aquarium_subvault_bridge],
          aquarium_window_corner, aquarium_window_fake, aquarium_window_fake,
          aquarium_view_2e, aquarium_view_2e, aquarium_pool_1,
          chequers_serial_rivers_marsh
D:8:      layout_loops_cross, nicolae_uskayaw_dance_studio,
          mainiacjoe_overflow_six_doors_small,
          chequers_temple_overflow_statue_of_worship
D:9:      minmay_the_grid_3x3 [minmay_the_grid_spikes, minmay_the_grid_dragon_b,
          minmay_the_grid_expand, minmay_the_grid_plusring,
          minmay_the_grid_empty, minmay_the_grid_x, minmay_the_grid_tree,
          minmay_the_grid_tiny_cups, minmay_the_grid_prize_inner_circle],
          layout_basic, kennysheep_little_box, amcnicky_altar_gilded,
          hellmonk_guarded_unrand_gyre_and_gimble, uniq_psyche
Temple:   minmay_temple_forest_path

Skill      XL: |  1  2  3  4  5  6  7  8  9 10 |
---------------+-------------------------------+-----
Axes           | 3 5 6 15 16 17 | 17.4
Shields        | 4 5 6 7 8 |  8.1
Fighting       | 4 5 6 7 8 |  8.1
Armour         | 4 5 6 7 8 |  8.1

Action                     |  1- 3 |  4- 6 |  7- 9 | 10-12 || total
---------------------------+-------+-------+-------+-------++-------
  Melee: War axe           |    98 |   110 |   228 |   169 ||   605
         Headbutt          |     5 |    16 |    37 |    35 ||    93
  Throw: Boomerang         |    20 |    10 |    21 |    15 ||    66
    Use: Scroll            |     4 |     6 |     9 |     1 ||    20
         Potion            |     1 |     3 |    10 |       ||    14
 Armour: Scale mail        |    69 |    75 |    87 |    76 ||   307
  Dodge: Dodged            |    56 |    59 |    93 |    57 ||   265
  Block: Buckler           |    37 |    21 |    68 |   109 ||   235
         Reflection        |       |       |       |     9 ||     9

Table legend: (Time is in decaauts)
 A = Elapsed time spent in this place.
 B = Non-inter-level travel time spent in this place.
 C = Inter-level travel time spent in this place.
 D = Time resting spent in this place.
 E = Time spent auto-exploring this place.
 F = Levels seen in this place.
 G = Mean time per level.
                   A        B        C        D        E       F      G
               +--------+--------+--------+--------+--------+-----+--------+
         Total |   9129 |   8856 |    273 |   1182 |   5691 |  10 |  912.9 |
       Dungeon |   8673 |   8430 |    243 |   1182 |   5362 |   9 |  963.7 |
        Temple |    456 |    426 |     30 |      0 |    329 |   1 |  456.0 |
               +--------+--------+--------+--------+--------+-----+--------+

Top non-repeatable levels by time:
     D:3: 1322 daAuts
     D:2: 1114 daAuts
     D:8: 1060 daAuts
     D:5: 1048 daAuts
     D:6: 972 daAuts
     D:7: 945 daAuts
     D:1: 892 daAuts
     D:9: 763 daAuts
     D:4: 553 daAuts
  Temple: 456 daAuts
